 Dungeon Crawl Stone Soup version 0.24.0-125-gc4c63601f3 (webtiles) character file.

Game seed: 15597682251328487787, levelgen mode: deterministic

36 BuffBuff the Shield-Bearer (level 3, 0/19 HPs)
             Began as a Vine Stalker Fighter on Mar 12, 2020.
             Slain by a gnoll (3 damage)
             ... on level 1 of the Dungeon.
             The game lasted 00:03:19 (1011 turns).

BuffBuff the Shield-Bearer (Vine Stalker Fighter)   Turns: 1011, Time: 00:03:20

Health: 0/19       AC:  6    Str: 19    XL:     3   Next: 37%
Magic:  0/4        EV:  7    Int:  8    God:
Gold:   38         SH:  8    Dex: 13    Spells: 2/2 levels left

rFire    . . .     SeeInvis .   (no weapon)
rCold    . . .     Gourm    .   b - +0 shield
rNeg     . . .     Faith    .   g - +1 ring mail {MR+}
rPois    .         Spirit   +   (no helmet)
rElec    .         Reflect  .   (no cloak)
rCorr    .         Harm     .   (no gloves)
MR       +....                  (no boots)
Stlth    +.........             (no amulet)
HPRegen  0.06/turn              (no ring)
MPRegen  0.09/turn              (no ring)

@: heavily drained
A: fangs 2, magic shield, antimagic bite, no potion heal 3, rot immunity
a: no special abilities


You were on level 1 of the Dungeon.
You were not hungry.

You visited 1 branch of the dungeon, and saw 2 of its levels.

You collected 38 gold pieces.

Inventory:

Armour
 a - a +0 scale mail
 b - a +0 shield (worn)
 g - a +1 ring mail of magic resistance (worn)
Jewellery
 j - an uncursed ring of ice {unknown}
 k - an uncursed ring of poison resistance {unknown}
Scrolls
 e - 2 scrolls of immolation {unknown}
 f - 2 scrolls of identify {unknown}
 h - a scroll of fog {unknown}
 i - a scroll of amnesia {unknown}
Potions
 c - 2 potions of might
 l - 2 potions of curing {unknown}
Comestibles
 d - 2 rations


   Skills:
 + Level 2.9(1.5) Fighting
 + Level 2.8(1.4) Armour
 + Level 3.1(1.7) Shields
 + Level 2.3(0.9) Unarmed Combat


You had 2 spell levels left.
You didn't know any spells.
Your spell library was empty.

Dungeon Overview and Level Annotations

Branches:
Dungeon (2/15)

Altars:


Innate Abilities, Weirdness & Mutations

You have extremely sharp teeth.
When hurt, damage is shared between your health and your magic reserves.
Your bite disrupts and absorbs the magic of your enemies.
Potions cannot restore your health.
You are immune to rotting.


Message History

The bat hits you but does no damage. The bat barely misses you.
The bat barely misses you. You block the bat's attack.
You block the bat's attack. The bat hits you but does no damage.
The bat barely misses you.
There is an open door here.
The bat closely misses you.
Things that are here:
a +0 club; 3 stones; a kobold corpse You see here a hobgoblin corpse.
There is an open door here.
There is a stone staircase leading up here.
The gnoll hits you.
* * * LOW HITPOINT WARNING * * *
You climb upwards.
There is a stone staircase leading down here.
The gnoll hits you.
* * * LOW HITPOINT WARNING * * *
You closely miss the gnoll. You bite the gnoll, but do no damage.
The gnoll hits you but does no damage. The gnoll hits you.
You die...

#.##........##
#.##.........#
#.##.........#######
#.##.........##.....
#............##.####
###.#....>..........
#.#.###.##..#..#)#
#.#............#.#
#@#####.###.##.#.#
#g# #.###.##.#[# #.#
#....(##.#..
#.#####.....##.###
#.................
######..#.#.##...#
#..#.#.##....
#..#...##....
###..######...)


You could see a gnoll.

Vanquished Creatures
  An adder (D:2)
  3 dart slugs (D:1)
  4 bats (D:1)
  A giant cockroach (D:1)
  2 goblins (D:1)
  3 hobgoblins
  2 kobolds
  6 rats
22 creatures vanquished.

Notes
Turn   | Place    | Note
-------+----------+-------------------------------------------
     0 | D:1      | BuffBuff the Vine Stalker Fighter began the quest for the
                  | Orb.
     0 | D:1      | Reached XP level 1. HP: 11/11 MP: 2/2
   150 | D:1      | Reached XP level 2. HP: 10/16 MP: 3/3
   797 | D:1      | Reached skill level 3 in Shields
   856 | D:1      | Reached XP level 3. HP: 19/19 MP: 4/4
  1011 | D:1      | Slain by a gnoll

Levels and vault maps discovered:
D:1:      minmay_arrival_four_houses, layout_basic, hangedman_glass_teeth
D:2:      layout_basic, kennysheep_generic_room_5

Skill      XL: |  1  2 |
---------------+-------+-----
Shields        | 3 |  3.1
Fighting       | |  2.9
Armour         | |  2.8
Unarmed Combat | |  2.3

Action                   || total
-------------------------++-------
Melee: Unarmed           ||    96
       Bite              ||    33
Armor: Scale mail        ||    10
       Ring mail         ||    24
Dodge: Dodged            ||    32
Block: Shield            ||    38
